Map: Void Thrashing

Players

Ratl

  • Race: Protoss Protoss
  • League: Silver
  • Spawn Location: 9:00

Kain

  • Race: Terran Terran

VOD

Have the link to the VOD?

Description

Time

  • Played on: Jan. 13, 2020, 1:53 p.m.
  • Length: 20:23
Show
View Real Time Build Order
Export as new Build Order

Ratl Protoss 

Build Orders:  

Get SALT Encoding   

  12  0:02  Probe (Chrono Boost)  
  13  0:16  Probe (Chrono Boost)  
  14  0:30  Probe (Chrono Boost)  
  14  0:39  Pylon  
  15  0:52  Assimilator  
  15  1:03  Probe (Chrono Boost)  
  16  1:15  Pylon  
  16  1:17  Probe (Chrono Boost)  
  17  1:31  Probe (Chrono Boost)  
  17  1:32  Assimilator  
  18  1:45  Probe (Chrono Boost)  
  18  1:46  Gateway  
  19  1:59  Probe (Chrono Boost)  
  20  2:13  Probe (Chrono Boost)  
  21  2:23  Gateway  
  21  2:26  Probe (Chrono Boost)  
  22  2:31  Pylon  
  22  2:40  Probe (Chrono Boost)  
  23  2:51  Forge  
  23  2:54  Probe (Chrono Boost)  
  24  3:08  Probe (Chrono Boost)  
  25  3:11  Zealot  
  27  3:22  Probe (Chrono Boost), Protoss Ground Weapons Level 1  
  27  3:26  Zealot  
  30  3:35  Zealot  
  30  3:36  Probe (Chrono Boost)  
  33  3:52  Probe (Chrono Boost)  
  34  4:00  Zealot  
  34  4:09  Probe (Chrono Boost)  
  37  4:24  Pylon  
  37  4:26  Probe (Chrono Boost)  
  32  5:16  Zealot  
  32  5:17  Zealot x4  
  32  5:18  Zealot  
  42  5:34  Nexus  
  42  5:51  Zealot x2  
  46  6:09  Cybernetics Core  
  46  6:22  Pylon  
  46  6:25  Probe (Chrono Boost)  
  46  6:28  Pylon  
  47  6:49  Probe (Chrono Boost)  
  48  7:06  Probe (Chrono Boost)  
  49  7:22  Probe (Chrono Boost)  
  49  7:23  Probe (Chrono Boost)  
  51  7:34  Assimilator  
  51  7:36  Probe (Chrono Boost)  
  53  7:40  Probe (Chrono Boost), Pylon  
  53  7:41  Assimilator  
  53  7:42  Pylon  
  53  7:43  Gateway  
  53  7:50  Probe (Chrono Boost)  
  53  7:52  Robotics Facility  
  53  7:57  Probe (Chrono Boost)  
  55  8:04  Probe (Chrono Boost)  
  56  8:14  Probe (Chrono Boost)  
  56  8:18  Probe (Chrono Boost)  
  58  8:50  Probe (Chrono Boost)  
  58  8:53  Probe (Chrono Boost)  
  60  9:04  Probe (Chrono Boost)  
  58  9:10  Probe (Chrono Boost)  
  58  9:18  Probe (Chrono Boost)  
  59  9:20  Observer  
  59  9:23  Protoss Ground Armor Level 1  
  59  9:27  Probe (Chrono Boost), Dragoon x2  
  59  9:28  Dragoon x4  
  73  9:34  Twilight Council  
  73  9:47  Robotics Bay  
  73  9:48  Gateway  
  73  9:58  Immortal  
  77  10:17  Pylon  
  77  10:19  Photon Cannon  
  77  10:22  Photon Cannon  
  77  10:28  Photon Cannon  
  77  10:47  Photon Cannon  
  77  10:49  Singularity Charge  
  69  10:54  Photon Cannon  
  69  10:57  Photon Cannon  
  65  11:14  Dragoon x2  
  65  11:33  Protoss Shields Level 1  
  65  11:46  Dragoon x3  
  65  11:49  Charge  
  67  11:50  Zealot x3  
  71  12:24  Dragoon x2  
  71  12:26  Zealot x5  
  85  12:49  Whirlwind  
  85  13:15  Immortal  
  85  13:18  Dragoon x2  
  93  13:29  Templar Archives  
  93  13:38  Protoss Ground Weapons Level 2  
  93  13:39  Dragoon  
  95  13:40  Dragoon  
  95  13:41  Zealot x2  
  101  14:19  Trillic Compresion Mesh  
  95  14:30  Zealot x2  
  95  14:31  Zealot  
  93  14:57  Psionic Storm  
  91  15:03  Gravitic Boosters  
  91  15:19  Zealot x2  
  93  15:20  Zealot x3  
  93  15:29  High Templar  
  85  15:30  High Templar x3  
  85  15:31  High Templar  
  80  15:45  Archon  
  80  15:46  Archon  
  74  15:53  Dragoon x2  
  74  15:54  Dragoon  
  80  16:03  Improved Barrier  
  80  16:13  Protoss Ground Armor Level 2  
  80  17:05  High Templar x3  
  80  17:06  High Templar x2  
  80  17:08  Zealot  
  80  17:09  Zealot x2  
  96  17:13  Archon x2  
  96  17:16  Archon  
  96  17:23  Dragoon x2  
  100  18:05  Pylon  
  100  18:08  Pylon  
  100  18:11  Pylon  
  100  18:12  Pylon  
  100  18:14  Pylon  
  100  18:25  Pylon x2  
  100  18:26  Pylon  
  100  18:30  Immortal, Pylon, Dragoon x3  
  100  18:32  Pylon  
  100  18:33  Pylon  
  100  18:36  Pylon  
  96  19:01  High Templar  
  96  19:02  High Templar x4  
  96  19:04  Dragoon  
  94  19:25  Immortal  
  98  19:47  Zealot  
  98  19:48  Zealot x5  
Show
View Real Time Build Order
Export as new Build Order

Kain Terran 

Build Orders:  

Get SALT Encoding   

  12  0:03  SCV  
  13  0:20  SCV  
  14  0:37  SCV  
  15  0:54  SCV  
  16  1:11  SCV  
  17  1:27  Command Center  
  17  1:28  SCV  
  18  1:45  SCV  
  19  2:02  Gunslingers Hideout  
  19  2:06  Refinery x2  
  19  2:07  SCV  
  20  2:24  SCV  
  21  2:41  SCV  
  22  2:58  SCV  
  23  3:01  Tychus  
  23  3:12  Engineering Bay  
  23  3:15  SCV  
  24  3:21  SCV  
  25  3:31  SCV  
  25  3:38  SCV  
  27  3:48  SCV  
  27  3:49  Engineering Bay  
  28  3:55  SCV  
  29  4:05  SCV  
  30  4:26  Refinery, Command Center  
  30  4:34  SCV  
  30  4:38  SCV  
  32  4:51  SCV  
  32  4:54  SCV  
  34  5:08  SCV  
  35  5:11  SCV  
  36  5:25  SCV  
  36  5:28  SCV  
  38  5:38  Crooked Sam  
  48  5:42  SCV  
  48  5:45  SCV  
  50  5:59  SCV  
  51  6:02  SCV  
  52  6:10  Refinery  
  52  6:16  SCV  
  52  6:19  SCV  
  54  6:33  SCV  
  54  6:36  SCV  
  56  6:49  SCV  
  56  6:53  SCV  
  58  7:06  SCV  
  59  7:10  SCV  
  60  7:43  Auto-Turret  
  60  7:52  Outlaw Weapons Level 1  
  60  7:56  Flashforce GDM Visor  
  60  8:08  Fixers Safehouse  
  60  8:09  Auto-Turret  
  60  9:26  Outlaw Life and Armor Level 1  
  60  9:39  Lt Layna Nikara  
  70  9:53  Muscle Armory  
  70  9:55  Outlaw Weapons Level 2  
  70  10:05  Umojan Repair Nanites  
  70  10:09  Procyon Serum  
  70  10:12  Procyon Twin Heal Beam Gauntlet  
  70  11:09  Auto-Turret  
  70  11:17  Miles Blaze Lewis  
  80  11:37  Auto-Turret  
  80  12:04  Auto-Turret  
  80  12:32  Auto-Turret  
  80  12:58  Kel-Morian Ripper Rounds  
  80  12:59  Auto-Turret  
  80  13:02  Outlaw Weapons Level 3  
  80  13:04  Outlaw Life and Armor Level 2  
  80  14:00  Vanadium Shell, KD9a Implosion Core  
  80  14:01  LarsCorp G7 Charges  
  80  15:14  High Capacity Containers  
  80  15:15  Hades Oil  
  80  17:24  Moebius Restraint Matrix  
  80  17:25  Procyon Shade Suit  
  80  17:29  Wildflame Fuel Additives  
Tags
 
Add a new tag
Caveats
  • Supply blocks, unpowered buildings, or Contaminate may cause inaccurate times.
  • Supply counts are checked every 10 seconds.